TOP OF THE 1ST |
---|
Balzac Rams batting - Pitching for Bismarck Barons : RHP Domingo León | Pitching: RHP Domingo León | | Batting: RHB Jason Ward | 0-0: Ball 1-0: Ball 2-0: Swinging Strike 2-1: Ball 3-1: Foul Ball, location: 2F 3-2: Foul Ball, location: 2F 3-2: Ground out 6-3 (Groundball, 6) | Batting: RHB Santiago Rivera | 0-0: Called Strike 0-1: Ball 1-1: Ground out 6-3 (Groundball, 6) | Batting: RHB Ken Longoria | 0-0: Ball 1-0: Foul Ball, location: 2F 1-1: Called Strike 1-2: SOLO HOME RUN (Line Drive, 7LD), Distance : 333 ft | Batting: RHB Gunner Allen | 0-0: Foul Ball, location: 2F 0-1: Ball 1-1: Ball 2-1: Ball 3-1: Base on Balls | Batting: RHB Lorenzo Silva | 0-0: Ball 1-0: Fly out, F9 (Flyball, 89M) | Top of the 1st over - 1 run, 1 hit, 0 errors, 1 left on base; Balzac 1 - Bismarck 0 | BOTTOM OF THE 1ST |
---|
Bismarck Barons batting - Pitching for Balzac Rams : RHP Billy Jacobs | Pitching: RHP Billy Jacobs | | Batting: RHB Rubén Palma | 0-0: Ball 1-0: Ground out 6-3 (Groundball, 6) | Batting: RHB Fernando Castellanos | 0-0: Ball 1-0: Foul Ball, location: 2F 1-1: Called Strike 1-2: Strikes out looking | Batting: LHB Brian Easdale | 0-0: Foul Ball, location: 2F 0-1: Foul Ball, location: 2F 0-2: SINGLE (Line Drive, 4MD) | Batting: LHB Jorge Fernández | 0-0: Called Strike 0-1: Ball 1-1: SINGLE (Groundball, 34D) Brian Easdale to second Runner from 2nd tries for 3rd, SAFE, no throw | Batting: LHB Corey MacGregor | 0-0: SINGLE (Line Drive, 9S) Brian Easdale scores Jorge Fernández to second Runner from 2nd tries for 3rd, SAFE, throw made at trailing runner, OUT! | Bottom of the 1st over - 1 run, 3 hits, 0 errors, 1 left on base; Balzac 1 - Bismarck 1 | TOP OF THE 2ND |
---|
Balzac Rams batting - Pitching for Bismarck Barons : RHP Domingo León | Batting: LHB Carlos Romero | 0-0: Called Strike 0-1: Foul Ball, location: 2F 0-2: Strikes out swinging | Batting: LHB Rodney Harrison | 0-0: Ground out 4-3 (Groundball, 4) | Batting: RHB Brian Parks | 0-0: SINGLE (Groundball, 6MD) | Batting: RHB Bill Pike | 0-0: Ball 1-0: Swinging Strike 1-1: Ball 2-1: Swinging Strike 2-2: Foul Ball, location: 2F 2-2: Ball 3-2: Strikes out swinging | Top of the 2nd over - 0 runs, 1 hit, 0 errors, 1 left on base; Balzac 1 - Bismarck 1 | BOTTOM OF THE 2ND |
---|
Bismarck Barons batting - Pitching for Balzac Rams : RHP Billy Jacobs | Batting: RHB Félix Trevino | 0-0: Foul Ball, location: 2F 0-1: Ball 1-1: Ground out 6-3 (Groundball, 6S) | Batting: LHB Orlando Hernández | 0-0: Ball 1-0: Foul Ball, location: 2F 1-1: Ball 2-1: Ball 3-1: Foul Ball, location: 2F 3-2: Foul Ball, location: 2F 3-2: Foul Ball, location: 2F 3-2: Foul Ball, location: 2F 3-2: Base on Balls | Batting: RHB Pedro García | 0-0: Ball 1-0: Called Strike Orlando Hernández steals 2nd base 1-1: Swinging Strike 1-2: Strikes out looking | Batting: RHB José Ruíz | 0-0: Ball 1-0: Ball 2-0: Called Strike 2-1: 2-RUN HOME RUN (Flyball, 78XD), Distance : 364 ft | Batting: RHB Rubén Palma | 0-0: SINGLE (Flyball, 9LS) | Batting: RHB Fernando Castellanos | 0-0: Called Strike 0-1: Foul Ball, location: 2F 0-2: Fly out, F9 (Flyball, 9) | Bottom of the 2nd over - 2 runs, 2 hits, 0 errors, 1 left on base; Balzac 1 - Bismarck 3 | TOP OF THE 3RD |
---|
Balzac Rams batting - Pitching for Bismarck Barons : RHP Domingo León | Batting: RHB Jason Ward | 0-0: Called Strike 0-1: Ball 1-1: Called Strike 1-2: Foul Ball, location: 2F 1-2: Ball 2-2: Ground out 6-3 (Groundball, 6) | Batting: RHB Santiago Rivera | 0-0: Ball 1-0: Ball 2-0: Ball 3-0: Base on Balls | Batting: RHB Ken Longoria | 0-0: Ball 1-0: Fly out, F8 (Flyball, 8RM) | Batting: RHB Gunner Allen | 0-0: Foul Ball, location: 2F 0-1: Ball 1-1: Foul Ball, location: 2F 1-2: Foul Ball, location: 2F 1-2: Ground out 6-3 (Groundball, 6S) | Top of the 3rd over - 0 runs, 0 hits, 0 errors, 1 left on base; Balzac 1 - Bismarck 3 | BOTTOM OF THE 3RD |
---|
Bismarck Barons batting - Pitching for Balzac Rams : RHP Billy Jacobs | Batting: LHB Brian Easdale | 0-0: Called Strike 0-1: Swinging Strike 0-2: Fly out, F6 (Line Drive, 6M) | Batting: LHB Jorge Fernández | 0-0: Ball 1-0: Ball 2-0: Ball 3-0: Called Strike 3-1: Foul Ball, location: 2F 3-2: Base on Balls | Batting: LHB Corey MacGregor | 0-0: Ball 1-0: Ball 2-0: Swinging Strike 2-1: SINGLE (Groundball, 6MD) Jorge Fernández to second | Batting: RHB Félix Trevino | 0-0: Called Strike 0-1: Ball 1-1: Ball 2-1: Foul Ball, location: 2F 2-2: Ball 3-2: Foul Ball, location: 2F 3-2: 3-RUN HOME RUN (Flyball, 78XD), Distance : 389 ft | Batting: LHB Orlando Hernández | 0-0: Ball 1-0: Ball 2-0: Swinging Strike 2-1: Foul Ball, location: 2F 2-2: Strikes out swinging | Batting: RHB Pedro García | 0-0: Ball 1-0: Ball 2-0: TRIPLE (Flyball, 7D) | Batting: RHB José Ruíz | 0-0: Ball 1-0: Called Strike 1-1: Ground out 4-3 (Groundball, 4M) | Bottom of the 3rd over - 3 runs, 3 hits, 0 errors, 1 left on base; Balzac 1 - Bismarck 6 | TOP OF THE 4TH |
---|
Balzac Rams batting - Pitching for Bismarck Barons : RHP Domingo León | Batting: RHB Lorenzo Silva | 0-0: Ball 1-0: Ball 2-0: Ball 3-0: Called Strike 3-1: Called Strike 3-2: Foul Ball, location: 2F 3-2: Foul Ball, location: 2F 3-2: Base on Balls | Batting: LHB Carlos Romero | 0-0: Called Strike 0-1: Ball 1-1: Foul Ball, location: 2F 1-2: Ball 2-2: SINGLE (Groundball, 34D) Lorenzo Silva to second Runner from 2nd tries for 3rd, SAFE, no throw | Batting: LHB Rodney Harrison | 0-0: Ball 1-0: Called Strike 1-1: Foul Ball, location: 2F 1-2: Ball 2-2: Strikes out swinging | Pitching: RHP Elias Bednell | | Batting: RHB Brian Parks | 0-0: Ball 1-0: Foul Ball, location: 2F 1-1: Fly out, F6 (Popup, 4MS) | Batting: RHB Bill Pike | 0-0: Called Strike 0-1: Foul Ball, location: 2F 0-2: Ball 1-2: Strikes out looking | Top of the 4th over - 0 runs, 1 hit, 0 errors, 2 left on base; Balzac 1 - Bismarck 6 | BOTTOM OF THE 4TH |
---|
Bismarck Barons batting - Pitching for Balzac Rams : RHP Billy Jacobs | Batting: RHB Rubén Palma | 0-0: Foul Ball, location: 2F 0-1: Swinging Strike 0-2: Ball 1-2: Ball 2-2: Strikes out looking | Batting: RHB Fernando Castellanos | 0-0: Ball 1-0: Called Strike 1-1: Ground out 5-3 (Groundball, 56) | Batting: LHB Brian Easdale | 0-0: Called Strike 0-1: Ball 1-1: SINGLE (Groundball, 4D) | Batting: LHB Jorge Fernández | 0-0: Ball Brian Easdale steals 2nd base 1-0: Ball 2-0: Ball 3-0: Called Strike 3-1: Base on Balls | Pitching: LHP Edwin Parker | | Batting: LHB Corey MacGregor | 0-0: Ball 1-0: Called Strike 1-1: Foul Ball, location: 2F 1-2: Ball 2-2: Strikes out swinging | Bottom of the 4th over - 0 runs, 1 hit, 0 errors, 2 left on base; Balzac 1 - Bismarck 6 | TOP OF THE 5TH |
---|
Balzac Rams batting - Pitching for Bismarck Barons : RHP Elias Bednell | Batting: RHB Jason Ward | 0-0: Swinging Strike 0-1: Ball 1-1: Reached on error, E5 (Groundball, 56S) | Batting: RHB Santiago Rivera | 0-0: SINGLE (Groundball, 34D) Jason Ward to second Runner from 2nd tries for 3rd, SAFE, no throw | Batting: RHB Ken Longoria | 0-0: Ball 1-0: Swinging Strike 1-1: Ball 2-1: Foul Ball, location: 2F 2-2: Ball 3-2: Foul Ball, location: 2F 3-2: Strikes out swinging Santiago Rivera steals 2nd base Batter strikes out. | Batting: RHB Gunner Allen | 0-0: Ball 1-0: Swinging Strike 1-1: Ball 2-1: Swinging Strike 2-2: Strikes out swinging | Batting: RHB Lorenzo Silva | 0-0: Called Strike 0-1: Ground out 6-3 (Groundball, 6S) | Top of the 5th over - 0 runs, 1 hit, 1 error, 2 left on base; Balzac 1 - Bismarck 6 | BOTTOM OF THE 5TH |
---|
Bismarck Barons batting - Pitching for Balzac Rams : LHP Edwin Parker | Batting: RHB Félix Trevino | 0-0: Ball 1-0: Ball 2-0: Called Strike 2-1: Foul Ball, location: 2F 2-2: Ball 3-2: Strikes out looking | Batting: LHB Orlando Hernández | 0-0: Ball 1-0: Swinging Strike 1-1: Ball 2-1: Ball 3-1: Base on Balls | Batting: RHB Pedro García | 0-0: Called Strike 0-1: Called Strike 0-2: Strikes out swinging | Batting: RHB José Ruíz | 0-0: Swinging Strike 0-1: Ball Orlando Hernández steals 2nd base 1-1: Called Strike 1-2: Foul Ball, location: 2F 1-2: Hit by Pitch | Batting: RHB Rubén Palma | 0-0: Foul Ball, location: 2F 0-1: Ball 1-1: Ball 2-1: Ball 3-1: Foul Ball, location: 2F 3-2: SINGLE (Line Drive, 89S) Orlando Hernández to third José Ruíz to second Orlando Hernández scores José Ruíz to third | Batting: RHB Fernando Castellanos | 0-0: Ball 1-0: Swinging Strike 1-1: Foul Ball, location: 2F 1-2: Fly out, F8 (Flyball, 8RD) | Bottom of the 5th over - 1 run, 1 hit, 0 errors, 2 left on base; Balzac 1 - Bismarck 7 | TOP OF THE 6TH |
---|
Balzac Rams batting - Pitching for Bismarck Barons : RHP Elias Bednell | Batting: LHB Carlos Romero | 0-0: Ball 1-0: Ball 2-0: Ball 3-0: Base on Balls | Batting: LHB Rodney Harrison | 0-0: Called Strike 0-1: Foul Ball, location: 2F 0-2: Strikes out swinging | Batting: RHB Brian Parks | 0-0: SINGLE (Groundball, 13S) (infield hit) Carlos Romero to second | Batting: RHB Bill Pike | 0-0: SINGLE (Groundball, 56D) Carlos Romero to third Brian Parks to second Runner from 3rd tries for Home, SAFE, no throw | Batting: RHB Jason Ward | 0-0: Ball Brian Parks steals 3rd base 1-0: Ball 2-0: Ball 3-0: Base on Balls Bill Pike to second | Batting: RHB Santiago Rivera | 0-0: Ball 1-0: SINGLE (Line Drive, 6) Brian Parks scores Bill Pike to third Jason Ward to second | Pitching: RHP Neil Birss | | Batting: RHB Ken Longoria | 0-0: Ball 1-0: Grounds into double play, 5-4-3 (Groundball, 56) | Top of the 6th over - 2 runs, 3 hits, 0 errors, 2 left on base; Balzac 3 - Bismarck 7 | BOTTOM OF THE 6TH |
---|
Bismarck Barons batting - Pitching for Balzac Rams : LHP Edwin Parker | Batting: LHB Brian Easdale | 0-0: Called Strike 0-1: Ball 1-1: Swinging Strike 1-2: Hit by Pitch | Batting: LHB Jorge Fernández | 0-0: Foul Ball, location: 2F 0-1: 2-RUN HOME RUN (Flyball, 7LD), Distance : 333 ft | Batting: LHB Corey MacGregor | 0-0: Foul Ball, location: 2F 0-1: Ball 1-1: Ball 2-1: Ball 3-1: Hit by Pitch | Batting: RHB Félix Trevino | 0-0: Foul Ball, location: 2F 0-1: Fly out, F8 (Flyball, 8RS) | Batting: LHB Orlando Hernández | 0-0: Called Strike 0-1: Ball 1-1: Swinging Strike 1-2: Ball 2-2: Ball 3-2: Foul Ball, location: 2F 3-2: Base on Balls Corey MacGregor to second | Batting: RHB Pedro García | 0-0: Fly out, F1 (Line Drive, 15) | Batting: RHB José Ruíz | 0-0: Ball 1-0: Fly out, F6 (Popup, 6S) | Bottom of the 6th over - 2 runs, 1 hit, 0 errors, 2 left on base; Balzac 3 - Bismarck 9 | TOP OF THE 7TH |
---|
Balzac Rams batting - Pitching for Bismarck Barons : RHP Neil Birss | Batting: RHB Gunner Allen | 0-0: Swinging Strike 0-1: SINGLE (Flyball, 5D) | Batting: RHB Lorenzo Silva | 0-0: Swinging Strike 0-1: Ball 1-1: Swinging Strike 1-2: Strikes out looking | Batting: LHB Carlos Romero | 0-0: Ball 1-0: Ball 2-0: Foul Ball, location: 2F 2-1: Called Strike 2-2: Ball 3-2: Foul Ball, location: 2F 3-2: Strikes out swinging | Batting: LHB Rodney Harrison | 0-0: Called Strike Gunner Allen steals 2nd base 0-1: Ball 1-1: Foul Ball, location: 2F 1-2: Ball 2-2: Foul Ball, location: 2F 2-2: Foul Ball, location: 2F 2-2: Strikes out looking | Top of the 7th over - 0 runs, 1 hit, 0 errors, 1 left on base; Balzac 3 - Bismarck 9 | BOTTOM OF THE 7TH |
---|
Bismarck Barons batting - Pitching for Balzac Rams : LHP Edwin Parker | Batting: RHB Rubén Palma | 0-0: Called Strike 0-1: Swinging Strike 0-2: Ball 1-2: Ball 2-2: Fly out, F4 (Line Drive, 4M) | Batting: RHB Fernando Castellanos | 0-0: Swinging Strike 0-1: Fly out, F9 (Flyball, 89D) | Batting: LHB Brian Easdale | 0-0: Swinging Strike 0-1: Called Strike 0-2: Foul Ball, location: 2F 0-2: Strikes out swinging | Bottom of the 7th over - 0 runs, 0 hits, 0 errors, 0 left on base; Balzac 3 - Bismarck 9 | TOP OF THE 8TH |
---|
Balzac Rams batting - Pitching for Bismarck Barons : RHP Neil Birss | Now in LF: José Gonzáles | | Batting: RHB Brian Parks | 0-0: Called Strike 0-1: Swinging Strike 0-2: Strikes out looking | Batting: RHB Bill Pike | 0-0: Ball 1-0: Ground out 5-3 (Groundball, 56) | Batting: RHB Jason Ward | 0-0: Called Strike 0-1: Ground out 1-3 (Groundball, P) | Top of the 8th over - 0 runs, 0 hits, 0 errors, 0 left on base; Balzac 3 - Bismarck 9 | BOTTOM OF THE 8TH |
---|
Bismarck Barons batting - Pitching for Balzac Rams : LHP Edwin Parker | Batting: LHB Jorge Fernández | 0-0: Ball 1-0: Ground out U3 (Groundball, 3L) | Batting: LHB Corey MacGregor | 0-0: Ball 1-0: Ball 2-0: Ball 3-0: Called Strike 3-1: Called Strike 3-2: SOLO HOME RUN (Flyball, 9LD), Distance : 331 ft | Batting: RHB Félix Trevino | 0-0: Foul Ball, location: 2F 0-1: Foul Ball, location: 2F 0-2: Hit by Pitch | Batting: LHB Orlando Hernández | 0-0: Called Strike 0-1: Ground out U3 (Groundball, 34S) Félix Trevino to second | Batting: RHB Pedro García | 0-0: Foul Ball, location: 2F 0-1: Ball 1-1: Swinging Strike 1-2: Ground out U3 (Groundball, 34S) | Bottom of the 8th over - 1 run, 1 hit, 0 errors, 1 left on base; Balzac 3 - Bismarck 10 | TOP OF THE 9TH |
---|
Balzac Rams batting - Pitching for Bismarck Barons : RHP Neil Birss | Batting: RHB Santiago Rivera | 0-0: Ball 1-0: Ball 2-0: SINGLE (Groundball, 34D) | Batting: RHB Ken Longoria | 0-0: SINGLE (Line Drive, 89M) Santiago Rivera to second | Batting: RHB Gunner Allen | 0-0: Foul Ball, location: 2F 0-1: Ball 1-1: Fly out, F8 (Flyball, 8LXD) Runner from 2nd tags up, SAFE at 3rd, no throw | Batting: RHB Lorenzo Silva | 0-0: Swinging Strike 0-1: Foul Ball, location: 2F 0-2: Ball 1-2: Ball 2-2: Foul Ball, location: 2F 2-2: Ball 3-2: Base on Balls Ken Longoria to second | Batting: LHB Carlos Romero | 0-0: Ball 1-0: Swinging Strike 1-1: Ball 2-1: Ball 3-1: Called Strike 3-2: Strikes out swinging | Batting: LHB Rodney Harrison | 0-0: SINGLE (Groundball, 6MD) Santiago Rivera scores Ken Longoria to third Lorenzo Silva to second | Batting: RHB Brian Parks | 0-0: Ball 1-0: Ball 2-0: SINGLE (Groundball, 6MD) Ken Longoria scores Lorenzo Silva to third Rodney Harrison to second | Pitching: LHP Adrian Bryant | | Batting: RHB Bill Pike | 0-0: Ball 1-0: Foul Ball, location: 2F 1-1: DOUBLE (Flyball, 78D) Lorenzo Silva scores Rodney Harrison scores Brian Parks to third | Batting: RHB Jason Ward | 0-0: Foul Ball, location: 2F 0-1: Ball 1-1: Foul Ball, location: 2F 1-2: Ball 2-2: Ball 3-2: Foul Ball, location: 2F 3-2: Foul Ball, location: 2F 3-2: Ground out 5-3 (Groundball, 56S) | Top of the 9th over - 4 runs, 5 hits, 0 errors, 2 left on base; Balzac 7 - Bismarck 10 | |